 Dungeon Sprint DCSS version 0.17.1-1-g73c8601 (console) character file.

437 Cab the Basher (level 6, -5/67 HPs)
             Began as a Minotaur Berserker on Dec 22, 2015.
             Was a Priest of Trog.
             Slain by Sonja
             ... wielding a +0 dagger of distortion
              (21 damage)
             ... in the Dungeon (Sprint I: "Red Sonja").
             The game lasted 00:02:01 (573 turns).

Cab the Basher (Minotaur Berserker)                  Turns: 573, Time: 00:02:02

Health: -5/67      AC: 10    Str: 23    XL:     6   Next: 69%
Magic:  5/5        EV: 10    Int:  4    God:    Trog [***...]
Gold:   270        SH:  0    Dex: 10    Spells: 0 memorised, 5 levels left

rFire  . . .     SeeInvis .     a - +0 mace
rCold  . . .     Clarity  .     k - +0 chain mail (curse)
rNeg   . . .     SustAt   .     (no shield)
rPois  .         Gourm    .     (helmet restricted)
rElec  .         Spirit   .     (no cloak)
rCorr  .         Warding  .     (no gloves)
rMut   .         NoTele   +     (no boots)
MR     .....                    (no amulet)
Stlth  ..........               (no ring)
                                (no ring)

@: lethally poisoned (-5 -> -25), slowed, very slow, not resistant to hostile
enchantments, extremely unstealthy
A: retaliatory headbutt, horns 2
a: Berserk, Trog's Hand, Burn Spellbooks, Renounce Religion


You were in the Dungeon.
You worshipped Trog.
Trog was most pleased with you.
You were not hungry.

You visited 1 branch You collected 270 gold pieces.

Inventory:

Hand Weapons
 a - a +0 mace (weapon)
Armour
 k - a cursed +0 chain mail (worn)
Scrolls
 i - a scroll of blinking
Potions
 d - a potion of curing
 e - a potion of heal wounds
 f - a potion of haste
 g - 2 potions of magic
 h - a potion of berserk rage
Comestibles
 b - 5 chunks of flesh
 c - a bread ration


   Skills:
 + Level 10.8 Fighting
 + Level 10.8 Maces & Flails
 + Level 6.7 Armour
 + Level 6.7 Dodging


You had 5 spell levels left.
You didn't know any spells.

Dungeon Overview and Level Annotations

Branches:
Dungeon (1/1)

Altars:
Elyvilon
Gozag
Kikubaaqudgha
Makhleb
Nemelex Xobeh
Okawaru
Qazlal
Ru
Sif Muna
Trog
Vehumet
Xom
Yredelemnul
Zin
The Shining One

Shops:
D }

Annotations:
D Sonja


Innate Abilities, Weirdness & Mutations

You reflexively headbutt those who attack you in melee.
You have a pair of horns on your head.


Message History

Sonja shoots a curare-tipped needle.
The curare-tipped needle hits you.
You are poisoned.
You have difficulty breathing.
You feel yourself slow down.
You open the door.
You feel sick.
Sonja gestures wildly while chanting.
Sonja blinks!
Sonja shoots a curare-tipped needle.
The curare-tipped needle hits you.
You are lethally poisoned!
You have difficulty breathing.
* * * LOW HITPOINT WARNING * * *
You feel as though you will be slow longer.
Found a dagger.
* * * LOW HITPOINT WARNING * * *
You feel very sick.
Sonja gestures wildly while chanting.
Sonja blinks!
Sonja unwields an uncursed blowgun.
Sonja wields an uncursed dagger of distortion.
Its appearance distorts for a moment.
Sonja hits you but does no damage. Space warps horribly around you!
You die...

▒▒▒▒▒▒▒▒▒▒▒▒▒▒▒▒
▒<∙▒∙∙)∙∙▒∙∙'∙∙▒
▒∙∙'[∙▒∙∙'/∙▒∙∙■
▒∙∙▒▒▒▒▒'▒▒▒▒▒'▒
▒∙∙▒▒▒▒∙∙▒∙∙$▒(▒
▒∙∙▒▄▄▒▒▒▒∙∙▒▒#▒
▒∙∙▒▄∙∙▄▄▒▒'▒∙∙■
▒⌠⌠▒▄∙∩∙∙∙%∙∙K▄▒
▒▒▒▒▄∙∙∙▄▒▒▄∙▒@▒
▒▄▄▄▄▄▒▒▒'▒)▒
▒▒▒▒▒▒▒ ▒#▒▒▒
$∙$ $∙$ ▒▒∙▒▒
▒■▒


You could see Sonja.

Vanquished Creatures
  Sigmund (D)
  A yak (D)
  An ogre (D)
  Ijyb (D)
  A jelly (D)
5 creatures vanquished.

Notes
Turn   | Place    | Note
--------------------------------------------------------------
     0 | D        | Cab the Minotaur Berserker began the quest for the Orb.
     0 | D        | Reached XP level 1. HP: 19/19 MP: 0/0
     1 | D        | Noticed Ijyb
    13 | D        | Killed Ijyb
    13 | D        | Reached skill level 5 in Fighting
    13 | D        | Reached skill level 5 in Maces & Flails
    13 | D        | Reached XP level 2. HP: 12/30 MP: 1/1
   194 | D        | Noticed an ogre
   201 | D        | Killed an ogre
   201 | D        | Reached ** piety under Trog
   201 | D        | Reached skill level 7 in Fighting
   201 | D        | Reached XP level 3. HP: 8/39 MP: 2/2
   201 | D        | Reached XP level 4. HP: 9/47 MP: 3/3
   457 | D        | Noticed Sigmund
   470 | D        | Killed Sigmund
   470 | D        | Reached skill level 9 in Fighting
   470 | D        | Reached skill level 5 in Armour
   470 | D        | Reached skill level 5 in Dodging
   470 | D        | Reached XP level 5. HP: 57/57 MP: 4/4
   527 | D        | Found a deep blue altar of Sif Muna.
   528 | D        | Noticed a jelly
   529 | D        | Found a radiant altar of Vehumet.
   534 | D        | Killed a jelly
   534 | D        | Reached XP level 6. HP: 47/66 MP: 5/5
   538 | D        | Found Ihumem's Gadget Emporium.
   538 | D        | Found a white marble altar of Elyvilon.
   538 | D        | Found a stormy altar of Qazlal.
   538 | D        | Found a burning altar of Makhleb.
   538 | D        | Found a sacrificial altar of Ru.
   538 | D        | Found a basalt altar of Yredelemnul.
   538 | D        | Found a glowing golden altar of the Shining One.
   538 | D        | Found a sparkling altar of Nemelex Xobeh.
   538 | D        | Found a shimmering altar of Xom.
   538 | D        | Found an opulent altar of Gozag.
   538 | D        | Found an ancient bone altar of Kikubaaqudgha.
   538 | D        | Found a glowing silver altar of Zin.
   538 | D        | Noticed a yak
   544 | D        | Killed a yak
   544 | D        | Reached *** piety under Trog
   544 | D        | Reached skill level 10 in Fighting
   544 | D        | Reached skill level 10 in Maces & Flails
   545 | D        | Found an iron altar of Okawaru.
   548 | D        | Found a bloodstained altar of Trog.
   570 | D        | Noticed Sonja
   573 | D        | Slain by Sonja

Action                   |  1- 3 |  4- 6 || total
-------------------------+-------+-------++-------
Melee: Mace              |    17 |    21 ||    38
Invok: Berserk           |       |     1 ||     1
